 Dungeon Sprint DCSS version 0.29.1-2-gbd0b4ee654 (webtiles) character file.

Game seed: 5208042524084171482

1200000 Ashen the Portalist (level 13, -49/111 HPs)
             Began as a Demonspawn Warper on Oct 25, 2022.
             Was a Believer of Makhleb.
             Annihilated by a meat berserker
             ... wielding a +9 battleaxe
              (55 damage)
             ... in the Dungeon (Sprint VIII: "Arena of Blood").
             The game lasted 00:00:42 (12 turns).

Ashen the Portalist (Demonspawn Warper)               Turns: 12, Time: 00:00:43

Health: -49/111    AC: 12    Str: 11    XL:     13   Next: 77%
Magic:  4/31       EV: 22    Int: 20    God:    Makhleb [**....]
Gold:   0          SH:  0    Dex: 13    Spells: 40/40 levels left

rFire   . . .      SeeInvis .   j - +∞ Axe of Woe
rCold   . . .      Faith    .   (shield currently unavailable)
rNeg    . . .      Spirit   .   b - +0 leather armour
rPois   .          Reflect  .   (no helmet)
rElec   .          Harm     .   (no cloak)
rCorr   .          Rampage  .   (no gloves)
Will    .....      NoTele   +   (no boots)
Stlth   +.........              (no amulet)
HPRegen 0.28/turn               (no ring)
MPRegen 0.22/turn               (no ring)

@: agile, sanguine armoured
A: claws 2, powered by pain 3, sanguine armour 2, demonic magic 1
a: Renounce Religion, Minor Destruction


You were in the Dungeon.
You worshipped Makhleb.
Makhleb was pleased with you.
You visited 1 branch

Inventory:

Hand Weapons
 a - a +0 hand axe
 j - the +∞ Axe of Woe (weapon)
   (You found it in the Dungeon)
Missiles
 d - 7 boomerangs of dispersal (quivered)
Armour
 b - a +0 leather armour (worn)
Scrolls
 c - 2 scrolls of blinking
Potions
 e - a potion of curing
 f - a potion of heal wounds
 g - a potion of haste
 h - 2 potions of magic
 i - a potion of berserk rage


   Skills:
 + Level 13.4 Fighting
 + Level 14.3 Axes
 + Level 3.6 Throwing
 + Level 3.5 Armour
 + Level 12.4 Dodging
 + Level 14.3 Spellcasting
 + Level 23.1 Translocations


You had 40 spell levels left.
You didn't know any spells.
Your spell library contained the following spells:

 Spells                   Type           Power      Damage    Failure   Level
 Blink                    Tloc           100%       N/A       0%          2
 Gell's Gravitas          Tloc           82%        N/A       0%          3
 Lesser Beckoning         Tloc           82%        N/A       0%          3
 Teleport Other           Tloc           82%        N/A       0%          3
 Manifold Assault         Tloc           82%        N/A       0%          5


Dungeon Overview and Level Annotations

Branches:
Dungeon (1/1)

Altars:
Makhleb


Innate Abilities, Weirdness & Mutations

You have very sharp fingernails.
You are powered by pain.
When seriously injured, your blood forms thick armour. (AC +9)
Spells you cast may paralyse adjacent enemies.


Message History

You kill the bag of meat!
Makhleb accepts your kill.
You can now harness Makhleb's destructive might.
You hear a shout! x2
A meat berserker comes into view. It is wielding a +9 battleaxe.
You hear a shout! x5
The meat berserker rages.
You hear a shout!
A bag of meat comes into view. It is wielding a +9 war axe.
You hear a shout!
The meat berserker rages.
You hear a shout! x2
Your Fighting skill gained 2 levels and is now at level 13!
Your Axes skill gained 3 levels and is now at level 14!
Your Dodging skill gained 2 levels and is now at level 12!
Your Spellcasting skill gained 2 levels and is now at level 14!
Your Translocations skill gained 3 levels and is now at level 23!
You have reached level 13! 2 bags of meat come into view.
The bag of meat shouts!
You hear a shout! x2; You hear two shouts!
You hear a shout! x6
A bag of meat comes into view. It is wielding a +9 war axe. x3
You hear a shout!
Unknown command.
The bag of meat shouts!
You slash the bag of meat! You chop the bag of meat into pieces.
You kill the bag of meat!
Makhleb accepts your kill.
You hear a shout! x5
A bag of meat comes into view. It is wielding a +9 war axe. x4
You hear a shout! x3
The meat berserker hits you with a +9 battleaxe!!!
* * * LOW HITPOINT WARNING * * *
You focus on the pain.
You feel more agile all of a sudden.
You hear a shout!
The meat berserker misses you.
You hear a shout!
The meat berserker hits you with a +9 battleaxe!!!
You die...

.....oo...#o#..
....oo...o.....
#.......o..o...
#............o
..O.....o....
...o.......
#oOO....# #..
#.@O....#
....###.oO....###.
......)))###......
.#........_.O....
.......#.....#..
.......#_.<._#
.......#.....#
.#........_..o...
.........###......


You could see a large bag of meat (inner flame), 4 meat berserkers and 13 bags
of meat.

Vanquished Creatures
  An ogre (D)
  5 orcs (D)
6 creatures vanquished.

Notes
Turn   | Place    | Note
-------+----------+-------------------------------------------
     0 | D        | Found the +∞ Axe of Woe
     0 | D        | Ashen the Demonspawn Warper began the quest for the Orb.
     0 | D        | Reached XP level 1. HP: 16/16 MP: 3/3
     1 | D        | Noticed a bag of meat
     3 | D        | Became a worshipper of Makhleb the Destroyer
     4 | D        | Noticed a bag of meat
     5 | D        | Noticed a bag of meat
     5 | D        | Noticed a meat berserker
     5 | D        | Noticed a bag of meat
     5 | D        | Noticed a bag of meat
     7 | D        | Noticed a bag of meat
     7 | D        | Noticed a bag of meat
     8 | D        | Killed a bag of meat
     8 | D        | Noticed a bag of meat
     9 | D        | Reached skill level 10 in Spellcasting
     9 | D        | Reached skill level 16 in Translocations
     9 | D        | Gained mutation: When seriously injured, your blood forms
                  | armour. (AC +9) [demonic ancestry]
     9 | D        | Reached XP level 2. HP: 34/34 MP: 3/13
     9 | D        | Gained mutation: Spells you cast may paralyse adjacent
                  | enemies. [demonic ancestry]
     9 | D        | Reached XP level 3. HP: 39/39 MP: 3/14
     9 | D        | Gained mutation: You sometimes gain a little power by
                  | taking damage. [demonic ancestry]
     9 | D        | Reached XP level 4. HP: 46/46 MP: 3/16
     9 | D        | Gained mutation: You have sharp fingernails. [demonic
                  | ancestry]
     9 | D        | Reached XP level 5. HP: 52/52 MP: 3/17
     9 | D        | Reached XP level 6. HP: 58/58 MP: 3/19
     9 | D        | Gained mutation: When seriously injured, your blood forms
                  | thick armour. (AC +9) [demonic ancestry]
     9 | D        | Reached XP level 7. HP: 64/64 MP: 3/20
     9 | D        | Gained mutation: You have very sharp fingernails. [demonic
                  | ancestry]
     9 | D        | Reached XP level 8. HP: 71/71 MP: 3/22
     9 | D        | Reached XP level 9. HP: 76/76 MP: 3/23
     9 | D        | Gained mutation: You sometimes gain power by taking damage.
                  | [demonic ancestry]
     9 | D        | Reached XP level 10. HP: 83/83 MP: 3/24
     9 | D        | Killed a meat berserker
     9 | D        | Reached * piety under Makhleb
     9 | D        | Noticed a meat berserker
     9 | D        | Noticed a meat berserker
     9 | D        | Noticed a meat berserker
     9 | D        | Noticed a large bag of meat
     9 | D        | Noticed a bag of meat
    10 | D        | Reached skill level 10 in Dodging
    10 | D        | Reached skill level 20 in Translocations
    10 | D        | Reached XP level 11. HP: 38/93 MP: 3/27
    10 | D        | Gained mutation: You are powered by pain. [demonic
                  | ancestry]
    10 | D        | Reached XP level 12. HP: 41/100 MP: 3/28
    10 | D        | Killed a bag of meat
    10 | D        | Killed a bag of meat
    10 | D        | Killed a bag of meat
    10 | D        | Reached ** piety under Makhleb
    10 | D        | Noticed a meat berserker
    10 | D        | Noticed a bag of meat
    11 | D        | Reached skill level 23 in Translocations
    11 | D        | Reached XP level 13. HP: 46/111 MP: 3/31
    11 | D        | Noticed a bag of meat
    11 | D        | Noticed a bag of meat
    11 | D        | Noticed a bag of meat
    11 | D        | Noticed a bag of meat
    11 | D        | Noticed a bag of meat
    12 | D        | Killed a bag of meat
    12 | D        | Noticed a bag of meat
    12 | D        | Noticed a bag of meat
    12 | D        | Noticed a bag of meat
    12 | D        | Noticed a bag of meat
    12 | D        | Annihilated by a meat berserker

Illustrated notes

Levels and vault maps discovered:
D:        meatsprint

Skill      XL: |  1  2  3  4  5  6  7  8  9 10 11 12 |
---------------+-------------------------------------+-----
Fighting       | 9 11 13 | 13.4
Axes           | 9 11 14 | 14.3
Throwing       | 2 3 |  3.6
Armour         | 2 3 |  3.5
Dodging        | 8 10 12 | 12.4
Spellcasting   | 10 12 14 | 14.3
Translocations | 16 20 23 | 23.1

Action                   |  1- 3 |  4- 6 |  7- 9 | 10-12 | 13-15 || total
-------------------------+-------+-------+-------+-------+-------++-------
Melee: Executioner's axe |     1 |       |       |     2 |     1 ||     4
Dodge: Dodged            |       |       |       |       |     1 ||     1
